 Dungeon Crawl Stone Soup version 0.16-a0-129-gbf5829b (webtiles) character file.

64459 Ololoev the Bludgeoner (level 15, -6/149 HPs)
             Began as an Ogre Hunter on Aug 13, 2014.
             Was the Champion of Okawaru.
             Mangled by a jumping spider (7 damage)
             ... on Level 5 of the Lair of Beasts.
             The game lasted 02:22:14 (29027 turns).

Ololoev the Bludgeoner (Ogre Hunter)               Turns: 29027, Time: 02:22:16

HP  -6/149       AC 14     Str 25      XL: 15   Next: 13%
MP  28/28        EV 10     Int 12      God: Okawaru [******]
Gold 1091        SH  0     Dex 13      Spells:  2 memorised, 16 levels left

rFire  . . .     SeeInvis +     j - +2 giant spiked club of Demand {freeze, +Blink SInv}
rCold  . . .     Clarity  .     l - +3 troll leather armour "Xuas Wyd" {Str+2 Int+2}
rNeg   . . .     rCorr    .     (shield restricted)
rPois  +         rRot     .     x - +1 hat
rElec  .         Spirit   .     b - +2 cloak {rPois}
SustAb .         Warding  .     (gloves unavailable)
rMut   .         Stasis   .     (boots unavailable)
Gourm  .                        C - amulet of faith
MR     ++...                    r - +6 ring of evasion
                                M - ring of protection from magic

@: lethally poisoned, about to teleport, held, very resistant to hostile
enchantments, very unstealthy
A: unfitting armour, icy blue scales 1, tough skin 1
a: Heroism, Finesse, Renounce Religion, Evoke Blink


You were on level 5 of the Lair of Beasts.
You worshipped Okawaru.
Okawaru was exalted by your worship.
You were not hungry.

You visited 5 branches of the dungeon, and saw 23 of its levels.
You also visited: Labyrinth and Sewer.

You collected 1175 gold pieces.
You spent 84 gold pieces at shops.

Inventory:

Hand weapons
 j - the +2 giant spiked club of Demand (weapon) {freeze, +Blink SInv}
   (Okawaru gifted it to you on level 8 of the Lair of Beasts)

   It has been specially enchanted to freeze those struck by it, causing extra
   injury to most foes and up to double damage against particularly susceptible
   opponents.
   It can also slow down cold-blooded creatures.
   It enhances your eyesight.
   It lets you blink.
Missiles
 o - 8 javelins of returning
 u - 7 steel javelins
 N - 10 large rocks (quivered)
Armour
 b - a +2 cloak of poison resistance (worn)
 l - the +3 troll leather armour "Xuas Wyd" (worn) {Str+2 Int+2}
   (Okawaru gifted it to you on level 5 of the Lair of Beasts)

   It affects your strength (+2).
   It affects your intelligence (+2).
 x - a +1 hat (worn)
 G - a +2 robe of fire resistance
 J - a +2 robe of cold resistance
Magical devices
 B - a wand of paralysis (6)
 D - a wand of disintegration (10)
 F - a wand of enslavement (4)
 L - a wand of disintegration (9)
 O - a wand of lightning (0)
Comestibles
 g - 35 fruits
 k - 7 bread rations
Scrolls
 a - 5 scrolls of enchant weapon
 d - 4 scrolls of amnesia
 n - 10 scrolls of remove curse
 s - a scroll of immolation
 v - 6 scrolls of recharging
 w - 5 scrolls of teleportation
 y - 2 scrolls of magic mapping
 I - 3 scrolls of enchant armour
 K - 3 scrolls of fog
Jewellery
 c - an uncursed amulet of resist mutation {unknown}
 r - a +6 ring of evasion (right hand)
 C - an amulet of faith (around neck)
 E - an uncursed amulet of the gourmand {unknown}
 M - a ring of protection from magic (left hand)
 V - an uncursed ring of flight
Potions
 e - 6 potions of curing
 h - a potion of lignification {unknown}
 i - 3 potions of agility
 m - a potion of cure mutation
 p - 3 potions of restore abilities
 q - 3 potions of might
 t - a potion of resistance
 H - 2 potions of cancellation
 P - a potion of invisibility {unknown}
Rods
 R - a +4 rod of the swarm (13/13)
   (You found it in a labyrinth)


   Skills:
 + Level 10.3 Fighting
 * Level 18.8 Maces & Flails
 - Level 11.4 Throwing
 - Level 4.7 Armour
 - Level 9.8 Dodging
 - Level 0.7 Stealth
 - Level 3.0 Spellcasting
 * Level 0.1 Charms
 - Level 2.0 Transmutations
 * Level 0.2 Air Magic
 - Level 2.3 Earth Magic
 - Level 5.4 Invocations
 + Level 9.8 Evocations


You had 16 spell levels left.
You knew the following spells:

 Your Spells              Type           Power        Failure   Level  Hunger
a - Stoneskin             Trmt/Erth      #.......     17%         2    ##.....
b - Repel Missiles        Chrm/Air       #.....       38%         2    ##.....


Dungeon Overview and Level Annotations

Branches:
Dungeon (12/15)            Temple (1/1) D:4             Orc (1/4) D:11
   Lair (8/8) D:8          Shoals (0/5) Lair:4       Spider (1/5) Lair:5
  Slime (0/6) Lair:6

Altars:
Ashenzari
Dithmenos
Fedhas
Kikubaaqudgha
Nemelex Xobeh
Okawaru
Qazlal
Trog
Xom
Yredelemnul
Zin
The Shining One

Shops:
D:5 =   D:9 :


Innate Abilities, Weirdness & Mutations

You are too large for most types of armour.
You have tough skin (AC +1).
You are partially covered in icy blue scales (AC +1).


Message History

The demonic crawler completely misses you.
The demonic crawler closely misses you. x2
The jumping spider pounces on you.
* * * LOW HITPOINT WARNING * * *
You are caught in a web!
The jumping spider barely misses you.
Read which item? (? for menu, Esc to quit)
As you read the scroll of teleportation, it crumbles to dust.
You feel strangely unstable.
You feel sick. The jumping spider pounces on you!
* * * LOW HITPOINT WARNING * * *
The jumping spider bites you but does no damage.
The wolf spider misses you. The wolf spider bites you!
* * * LOW HITPOINT WARNING * * *
The demonic crawler hits you.
* * * LOW HITPOINT WARNING * * *
The demonic crawler hits you.
* * * LOW HITPOINT WARNING * * *
The demonic crawler hits you!
* * * LOW HITPOINT WARNING * * *
The jumping spider pounces on you!
You die...

......#.(............#..P......P.
.......+.................P###....
.#.##.##.......#.......>..# ##..#
..#.#.#P....^.###...^.....####.##
..............###.........P.#...#
..............#^##...^...........
.....>..........^##..............
...........^...ss^#..............
.......##.......@s..^............
##............^..s...#.......P##.
.##.P..#.....^^^#....##..#.P..#..
##≈....#.....###....^.#..P.......
≈≈≈...#.#...###.....##..P........
..≈≈...##........P###............
.#≈....#......P...P.....P........
≈≈....##.........................
###..............##........###.#.


You could see a demonic crawler, a wolf spider and 2 jumping spiders.

Vanquished Creatures
  Rupert (Lair:4)
  A minotaur (Lab)
  Fannar (Lair:2)
  5 hydras
  Erica (D:10)
  15 death yaks (Lair:8)
  4 catoblepae
  A skeletal warrior (D:11)
  An unseen horror (D:10)
  A hill giant (D:11)
  Pikel (D:8)
  An ugly thing (D:11)
  4 griffons
  3 oklob plants
  A mermaid (Lair:4)
  A manticore (Lair:7)
  8 black mambas
  9 elephants
  An item mimic (Lair:1)
  A feature mimic (Lair:5)
  A gargoyle (D:10)
  5 spiny frogs
  7 komodo dragons
  2 fire drakes (Lair:7)
  2 trolls
  2 polar bears
  Sonja (D:10)
  4 wandering mushrooms (Lab)
  A snapping turtle (Lair:4)
  17 blink frogs
  6 wyverns
  5 basilisks
  A wraith (D:10)
  5 trapdoor spiders
  50 yaks
  A tarantella (Spider:1)
  A hill giant zombie (D:11)
  13 hippogriffs
  A deep elf mage (D:11)
  5 water moccasins
  A human (D:4)
  Menkaure (D:5)
  A hungry ghost (D:7)
  12 porcupines
  7 wolves
  A sky beast (D:11)
  3 phantoms
  A spider (Lair:5)
  9 orc warriors
  A black bear (Lair:4)
  5 ice beasts
  6 centaurs
  7 ogres
  12 crocodiles
  16 giant frogs
  3 big kobolds
  Blork the orc (D:4)
  2 scorpions
  An eye of draining (D:11)
  13 killer bees
  4 electric eels
  9 wights
  23 hounds
  A quasit (D:11)
  9 crimson imps
  2 orc priests
  15 jellies
  13 iguanas
  Natasha (thrice) (D:4)
  A black bear skeleton (D:5)
  9 orc wizards
  12 sheep
  9 worker ants
  A hound skeleton (D:11)
  2 mummies
  6 gnolls
  55 green rats
  A worker ant zombie (D:11)
  26 adders
  4 shadow imps
  4 giant mites
  2 worms (D:3)
  An adder zombie (D:5)
  An iguana skeleton (D:6)
  9 giant geckos
  2 oozes
  50 orcs
  18 bats
  11 giant cockroaches
  11 goblins
  13 hobgoblins
  12 quokkas
  18 ball pythons
  5 giant newts
  2 giant spores
  2 goblin skeletons
  A hobgoblin zombie (D:8)
  14 jackals
  26 kobolds
  4 orc skeletons
  41 rats
  3 ballistomycetes
  A bush (Lair:4)
  A butterfly (Lair:6)
  3 fungi
  3 plants
757 creatures vanquished.

Vanquished Creatures (others)
  A water moccasin (D:11)
  2 hounds (D:8)
  A crimson imp (D:8)
  4 kobolds (D:11)
  A ballistomycete (D:11)
  A fungus (Lair:2)
  3 plants
13 creatures vanquished.

Grand Total: 770 creatures vanquished

Notes
Turn   | Place    | Note
--------------------------------------------------------------
     0 | D:1      | Ololoev, the Ogre Hunter, began the quest for the Orb.
     0 | D:1      | Reached XP level 1. HP: 22/22 MP: 1/1
   330 | D:1      | Reached XP level 2. HP: 29/29 MP: 2/2
  1064 | D:2      | Reached XP level 3. HP: 33/36 MP: 3/3
  1565 | D:2      | Found a shimmering altar of Xom.
  1566 | D:2      | Found a shimmering altar of Xom.
  1566 | D:2      | Found a shimmering altar of Xom.
  1568 | D:2      | Found a shimmering altar of Xom.
  1811 | D:2      | Reached skill level 1 in Evocations
  1811 | D:2      | Reached XP level 4. HP: 37/44 MP: 4/4
  2800 | D:3      | Reached skill level 5 in Maces & Flails
  2800 | D:3      | Reached XP level 5. HP: 50/50 MP: 6/6
  3705 | D:4      | Reached XP level 6. HP: 59/59 MP: 8/8
  3788 | D:4      | Found a staircase to the Ecumenical Temple.
  3795 | Temple   | Entered the Ecumenical Temple
  3809 | Temple   | Became a worshipper of Warmaster Okawaru
  3878 | D:4      | Noticed Natasha
  3881 | D:4      | Killed Natasha
  3881 | D:4      | Reached skill level 6 in Maces & Flails
  3945 | D:4      | Noticed a human
  3947 | D:4      | Found a basalt altar of Yredelemnul.
  3972 | D:4      | Killed a human
  3972 | D:4      | Reached skill level 7 in Maces & Flails
  4068 | D:4      | Reached XP level 7. HP: 66/66 MP: 10/10
  4079 | D:4      | Reached skill level 8 in Maces & Flails
  4121 | D:4      | Noticed Blork the orc
  4131 | D:4      | Killed Blork the orc
  4216 | D:4      | Found a glowing drain.
  4243 | Sewer    | Entered a sewer
  4458 | Sewer    | Reached skill level 9 in Maces & Flails
  4816 | Sewer    | Acquired Okawaru's first power
  4818 | Sewer    | Reached skill level 10 in Maces & Flails
  5067 | D:4      | Reached XP level 8. HP: 74/74 MP: 12/12
  5068 | D:4      | Noticed Natasha
  5074 | D:4      | Killed Natasha
  5230 | D:4      | Noticed Natasha
  5234 | D:4      | Killed Natasha
  5291 | D:5      | Entered Level 5 of the Dungeon
  5734 | D:5      | Reached skill level 11 in Maces & Flails
  5812 | D:5      | Found Pedwok's Jewellery Boutique.
  5823 | D:5      | Bought a cursed amulet of inaccuracy for 26 gold pieces
  5823 | D:5      | Bought a cursed ring of loudness for 58 gold pieces
  5958 | D:5      | Reached skill level 5 in Throwing
  6057 | D:5      | Noticed Menkaure
  6063 | D:5      | Killed Menkaure
  6323 | D:6      | Reached skill level 12 in Maces & Flails
  6879 | D:6      | Reached XP level 9. HP: 80/80 MP: 13/13
  7505 | D:6      | Reached skill level 13 in Maces & Flails
  8863 | D:8      | Reached skill level 14 in Maces & Flails
  9161 | D:8      | Found a staircase to the Lair.
  9444 | D:8      | Reached XP level 10. HP: 68/88 MP: 16/18
  9505 | D:8      | Received a gift from Okawaru
  9507 | D:8      | Acquired Okawaru's second power
  9532 | D:8      | Noticed Pikel
  9546 | D:8      | Killed Pikel
  9546 | D:8      | Reached skill level 5 in Evocations
 10932 | D:9      | Received a gift from Okawaru
 11045 | D:9      | Found Thonaz's Book Shoppe.
 12269 | D:10     | Entered Level 10 of the Dungeon
 12823 | D:10     | Noticed Sonja
 12831 | D:10     | Killed Sonja
 13015 | D:10     | Received a gift from Okawaru
 13015 | D:10     | Reached XP level 11. HP: 70/96 MP: 22/22
 13017 | D:10     | Killed an unseen horror
 13148 | D:10     | Noticed Erica
 13156 | D:10     | Killed Erica
 13156 | D:10     | Received a gift from Okawaru
 13156 | D:10     | Reached skill level 10 in Throwing
 13529 | D:10     | Received a gift from Okawaru
 13674 | D:10     | Learned a level 2 spell: Stoneskin
 14263 | D:10     | Reached skill level 1 in Transmutations
 14301 | D:10     | Reached skill level 1 in Earth Magic
 14319 | D:10     | Reached skill level 1 in Spellcasting
 15122 | D:11     | Found a staircase to the Orcish Mines.
 15221 | D:11     | Received a gift from Okawaru
 15809 | D:11     | Received a gift from Okawaru
 16045 | D:11     | Reached skill level 5 in Fighting
 16153 | D:11     | Noticed a hill giant
 16179 | D:11     | Killed a hill giant
 16503 | D:11     | Received a gift from Okawaru
 16779 | D:12     | Noticed a skeletal warrior
 16779 | D:12     | Noticed a skeletal warrior
 16783 | D:12     | Noticed a skeletal warrior
 17192 | D:11     | Killed a skeletal warrior
 17192 | D:11     | Reached XP level 12. HP: 77/122 MP: 24/24
 17504 | Orc:1    | Entered Level 1 of the Orcish Mines
 17703 | Lair:1   | Entered Level 1 of the Lair of Beasts
 18248 | Lair:1   | Reached skill level 10 in Fighting
 19542 | Lair:2   | Noticed Fannar
 19560 | Lair:2   | Killed Fannar
 20516 | Lair:3   | Received a gift from Okawaru
 21004 | Lair:4   | Reached skill level 5 in Dodging
 21417 | Lair:4   | Received a gift from Okawaru
 21637 | Lair:4   | Noticed Rupert
 21640 | Lair:4   | Paralysed by Rupert for 2 turns
 21764 | Lair:4   | Reached skill level 15 in Maces & Flails
 21813 | Lair:4   | Paralysed by Rupert for 6 turns
 21830 | Lair:4   | Reached XP level 13. HP: 48/133 MP: 25/25
 22470 | Lair:4   | Killed Rupert
 22601 | Lair:4   | Found a staircase to the Shoals.
 23151 | Lair:5   | Found a stormy altar of Qazlal.
 23519 | Lair:5   | Received a gift from Okawaru
 23525 | Lair:5   | Reached skill level 16 in Maces & Flails
 23546 | Lair:5   | Found a staircase to the Shoals.
 23555 | Lair:5   | the staircase to the Shoals was a mimic.
 23727 | Lair:5   | Received a gift from Okawaru
 23730 | Lair:5   | Got a garnet-encrusted troll leather armour {god gift}
 23866 | Lair:5   | Identified the +3 troll leather armour "Xuas Wyd" {Str+2 Int+2} (Okawaru gifted it to you on level 5 of the Lair of Beasts)
 24028 | Lair:5   | Found a hole to the Spider Nest.
 24323 | Lair:6   | Reached skill level 1 in Armour
 24344 | Lair:6   | Found a staircase to the Slime Pits.
 24419 | Lair:6   | Found a labyrinth entrance.
 24429 | Lab      | Entered a labyrinth
 24603 | Lab      | Noticed a minotaur
 24605 | Lab      | Killed a minotaur
 24605 | Lab      | Reached skill level 17 in Maces & Flails
 24614 | Lab      | Gained mutation: You are partially covered in icy blue scales (AC +1). [potion of beneficial mutation]
 25156 | Lair:6   | Reached XP level 14. HP: 143/143 MP: 26/26
 25171 | Lair:6   | Received a gift from Okawaru
 25772 | Lair:7   | Received a gift from Okawaru
 26230 | Lair:6   | Received a gift from Okawaru
 26369 | Lair:7   | Reached skill level 18 in Maces & Flails
 27134 | Lair:8   | Entered Level 8 of the Lair of Beasts
 27422 | Lair:8   | Received a gift from Okawaru
 27584 | Lair:8   | Reached skill level 1 in Invocations
 27591 | Lair:8   | Received a gift from Okawaru
 27619 | Lair:8   | Received a gift from Okawaru
 27809 | Lair:8   | Received a gift from Okawaru
 27819 | Lair:8   | Got a dazzling giant spiked club {god gift}
 27820 | Lair:8   | Identified the +2 giant spiked club of Demand {freeze, +Blink SInv} (Okawaru gifted it to you on level 8 of the Lair of Beasts)
 28476 | Lair:8   | Received a gift from Okawaru
 28481 | Lair:8   | Reached skill level 5 in Invocations
 28486 | Lair:8   | Reached XP level 15. HP: 116/149 MP: 28/28
 28746 | Lair:8   | Identified the Tome of Weightlessness and Battle Magic
 28750 | Lair:8   | Learned a level 2 spell: Repel Missiles
 28968 | Spider:1 | Entered Level 1 of the Spider Nest
 29027 | Lair:5   | HP: 1/149 [demonic crawler (9)]
 29027 | Lair:5   | Mangled by a jumping spider

Action                   |  1- 3 |  4- 6 |  7- 9 | 10-12 | 13-15 || total
-------------------------+-------+-------+-------+-------+-------++-------
Melee: Club              |   105 |       |       |       |       ||   105
       Flail             |    40 |   126 |       |       |       ||   166
       Morningstar       |       |    32 |   509 |   433 |       ||   974
       Whip              |       |       |       |    40 |       ||    40
       Dire flail        |       |       |       |   386 |    30 ||   416
       Great mace        |       |       |       |       |   540 ||   540
       Giant spiked club |       |       |       |       |   105 ||   105
Throw: Large rock        |     4 |    11 |    40 |    65 |    48 ||   168
       Throwing net      |       |       |     3 |       |       ||     3
       Tomahawk          |       |       |       |    45 |    52 ||    97
       Javelin           |       |       |       |    89 |    75 ||   164
 Cast: Stoneskin         |       |       |       |     4 |     1 ||     5
Invok: Heroism           |       |       |       |     1 |       ||     1
 Abil: Evoke Berserk Rag |     1 |     5 |     3 |       |       ||     9
       Evoke Blink       |       |       |       |       |     1 ||     1
Evoke: Wand              |       |       |    11 |    27 |    13 ||    51
  Use: Potion            |     1 |       |       |     6 |     6 ||    13
       Scroll            |       |     5 |     4 |    21 |    10 ||    40
 Stab: Sleeping          |     1 |     1 |       |       |       ||     2
       Confused          |       |       |     5 |       |       ||     5
       Held in net/web   |       |       |     1 |       |       ||     1
       Distracted        |       |       |       |       |     1 ||     1
  Eat: Chunk             |     3 |    11 |    14 |    20 |    12 ||    60
       Pizza             |       |       |     1 |     1 |       ||     2
       Fruit             |       |       |     4 |       |     3 ||     7
       Beef jerky        |       |       |     1 |     2 |     1 ||     4
       Meat ration       |       |       |       |     3 |     2 ||     5
